 Dungeon Crawl Stone Soup version 0.29.0-5-ge4962eb29e (webtiles) character file.

Game seed: 15221710244461914808

102 themarg the Protected (level 4, 0/32 HPs)
             Began as a Gnoll Wanderer on Aug 28, 2022.
             Slain by a gnoll
             ... wielding a +0 spear
              (6 damage)
             ... on level 3 of the Dungeon.
             The game lasted 00:09:14 (2688 turns).

themarg the Protected (Gnoll Wanderer)              Turns: 2688, Time: 00:09:14

Health: 0/32       AC:  4    Str: 15    XL:     4   Next: 77%
Magic:  8/8        EV: 11    Int:  9    God:
Gold:   119        SH:  0    Dex: 12    Spells: 9/9 levels left

rFire   . . .      SeeInvis .   s - +0 flail
rCold   . . .      Faith    .   (no shield)
rNeg    . . .      Spirit   .   r - +0 leather armour
rPois   +          Reflect  .   (no helmet)
rElec   .          Harm     .   (no cloak)
rCorr   .          Rampage  .   (no gloves)
Will    .....                   (no boots)
Stlth   +.........              (no amulet)
HPRegen 0.10/turn               l - ring of poison resistance
MPRegen 0.11/turn               (no ring)

@: no status effects
A: fangs 1, strong nose, distributed training
a: no special abilities


You were on level 3 of the Dungeon.
You visited 1 branch of the dungeon, and saw 3 of its levels.

You collected 119 gold pieces.

Inventory:

Hand Weapons
 a - a +0 falchion
 o - a +0 sling
 s - a +0 flail (weapon)
Missiles
 k - 3 atropa-tipped darts (quivered)
Armour
 c - a +0 scale mail
 j - a +3 ring mail
 r - a +0 leather armour (worn)
Jewellery
 l - a ring of poison resistance (left hand)
Wands
 b - a wand of paralysis (18)
Scrolls
 f - a scroll of enchant armour {unknown}
 g - a scroll of identify {unknown}
 h - 2 scrolls of poison {unknown}
 m - a scroll of enchant weapon {unknown}
 n - a scroll of teleportation {unknown}
 q - 2 scrolls of amnesia {unknown}
Potions
 d - a potion of heal wounds
 e - a potion of resistance {unknown}
 i - a potion of might {unknown}
 p - a potion of brilliance {unknown}


   Skills:
 + Level 1.3 Fighting
 + Level 1.3 Short Blades
 + Level 2.8 Long Blades
 + Level 1.3 Axes
 + Level 1.3 Maces & Flails
 + Level 1.3 Polearms
 + Level 1.3 Staves
 + Level 1.3 Ranged Weapons
 + Level 1.3 Throwing
 + Level 8.6 Armour
 + Level 1.3 Dodging
 + Level 1.3 Stealth
 + Level 1.3 Shields
 + Level 1.3 Unarmed Combat
 + Level 3.1 Spellcasting
 + Level 1.0 Conjurations
 + Level 1.0 Hexes
 + Level 1.0 Summonings
 + Level 1.0 Necromancy
 + Level 1.0 Translocations
 + Level 1.0 Transmutations
 + Level 1.0 Fire Magic
 + Level 1.0 Ice Magic
 + Level 1.0 Air Magic
 + Level 1.0 Earth Magic
 + Level 1.0 Poison Magic
 + Level 3.0 Invocations
 + Level 6.6 Evocations


You had 9 spell levels left.
You didn't know any spells.
Your spell library contained the following spells:

 Spells                   Type           Power      Damage    Failure   Level
 Summon Guardian Golem    Hex/Summ       3%         N/A       56%         3
 Freezing Cloud           Conj/Ice/Air   1%         6-21      99%         5
 Storm Form               Tmut/Air       1%         N/A       100%        7


Dungeon Overview and Level Annotations

Branches:
Dungeon (3/15)

Altars:


Innate Abilities, Weirdness & Mutations

You have very sharp teeth.
Your uncanny sense of smell can sniff out nearby items.
Your experience applies equally to all skills.


Message History

Aim: a gnoll, wielding a +0 spear (60% to hit, chance to blind on hit: 100%)
You throw an atropa-tipped dart. The atropa-tipped dart hits the gnoll.
The gnoll appears confused.
The gnoll seems less confused.
The gnoll wonders, "What am I doing in here?"
The gnoll seems less confused.
You closely miss the gnoll.
The gnoll is no longer blind.
The gnoll barely misses you.
You hit the gnoll but do no damage.
The gnoll is no longer blind.
The gnoll barely misses you. x2
You sock the gnoll!
The gnoll is severely wounded.
The gnoll hits you from afar with a +0 spear.
The gnoll hits you with a +0 spear. x2
The gnoll hits you from afar with a +0 spear.
You hit the gnoll but do no damage. Your bite misses the gnoll.
The gnoll is severely wounded.
The gnoll closely misses you. The gnoll hits you but does no damage.
You hit the gnoll but do no damage. You bite the gnoll, but do no damage.
The gnoll is heavily wounded.
The gnoll closely misses you. x2
You closely miss the gnoll.
The gnoll is heavily wounded.
The gnoll hits you from afar with a +0 spear.
The gnoll closely misses you. The gnoll hits you with a +0 spear.
The gnoll barely misses you.
Throw: 4 darts (atropa)
Press: ? - help, Q - select action, (/) - cycle Shift-Dir - straight line, f/p - gnoll
Aim: a gnoll, wielding a +0 spear (heavily wounded, 60% to hit, chance to blind on hit: 100%)
You throw an atropa-tipped dart. The atropa-tipped dart hits the gnoll.
The gnoll appears confused.
The gnoll is heavily wounded.
The gnoll hits you from afar with a +0 spear.
The gnoll seems less confused.
The gnoll hits you with a +0 spear.
* * * LOW HITPOINT WARNING * * *
You see here an atropa-tipped dart.
You barely miss the gnoll. You bite the gnoll, but do no damage.
The gnoll is lightly wounded.
The gnoll hits you with a +0 spear.
You die...

###......###.# #.
###........###.
######.####.......
#†.....###..####..
#.#######<.#####..
#.# ##.####....
#.# #........##
#######.###
#.......###
#......@..#
#.......# #
#......g..#
#.......###
#......(g.#
#.........[
#####..####
#.g...gg.## ##..##
#g##.....## ##..##
##.#...##..#
##.†###..#..####..
##.##..##.## ###
#g##.#### #


You could see 2 gnolls.

Vanquished Creatures
  A gnoll (D:3)
  4 adders
  A dart slug (D:3)
  An orc (D:3)
  2 bats
  8 endoplasms
  2 giant cockroaches (D:1)
  7 goblins
  6 hobgoblins
  4 ball pythons
  5 frilled lizards
  5 kobolds
  6 rats
52 creatures vanquished.

Notes
Turn   | Place    | Note
-------+----------+-------------------------------------------
     0 | D:1      | themarg the Gnoll Wanderer began the quest for the Orb.
     0 | D:1      | themarg set off with the following items: a +0 falchion, a
                  | wand of paralysis (18), a +0 scale mail, a potion of heal
                  | wounds.
     0 | D:1      | Reached XP level 1. HP: 13/13 MP: 4/4
   505 | D:1      | Reached XP level 2. HP: 19/19 MP: 5/5
   819 | D:1      | Found a faded altar of an unknown god.
  1078 | D:2      | Reached XP level 3. HP: 25/25 MP: 7/7
  1214 | D:2      | Reached skill level 1 in Fighting
  1214 | D:2      | Reached skill level 1 in Short Blades
  1214 | D:2      | Reached skill level 1 in Axes
  1214 | D:2      | Reached skill level 1 in Maces & Flails
  1214 | D:2      | Reached skill level 1 in Polearms
  1214 | D:2      | Reached skill level 1 in Staves
  1214 | D:2      | Reached skill level 1 in Ranged Weapons
  1214 | D:2      | Reached skill level 1 in Throwing
  1214 | D:2      | Reached skill level 1 in Dodging
  1214 | D:2      | Reached skill level 1 in Stealth
  1214 | D:2      | Reached skill level 1 in Shields
  1214 | D:2      | Reached skill level 1 in Unarmed Combat
  1836 | D:3      | Reached XP level 4. HP: 31/32 MP: 8/8
  1969 | D:3      | Reached skill level 1 in Conjurations
  1969 | D:3      | Reached skill level 1 in Hexes
  1969 | D:3      | Reached skill level 1 in Summonings
  1969 | D:3      | Reached skill level 1 in Necromancy
  1969 | D:3      | Reached skill level 1 in Translocations
  1969 | D:3      | Reached skill level 1 in Transmutations
  1969 | D:3      | Reached skill level 1 in Fire Magic
  1969 | D:3      | Reached skill level 1 in Ice Magic
  1969 | D:3      | Reached skill level 1 in Air Magic
  1969 | D:3      | Reached skill level 1 in Earth Magic
  1969 | D:3      | Reached skill level 1 in Poison Magic
  2254 | D:3      | Got Qawnu's Volume of the Hazy Entourage
  2688 | D:3      | Slain by a gnoll

Illustrated notes

Levels and vault maps discovered:
D:1:      dpeg_arrival_pits, layout_basic, chequers_ecumenical_altar_grove
D:2:      layout_rooms, serial_corexii_hall, corexii_hall_statues_x,
          corexii_hall_statues_u, corexii_hall_statues_u, corexii_hall_statues_l
D:3:      layout_rooms, minmay_checkerbox

Skill      XL: |  1  2  3  4 |
---------------+-------------+-----
Fighting       | 1 |  1.3
Short Blades   | 1 |  1.3
Axes           | 1 |  1.3
Maces & Flails | 1 |  1.3
Polearms       | 1 |  1.3
Staves         | 1 |  1.3
Ranged Weapons | 1 |  1.3
Throwing       | 1 |  1.3
Dodging        | 1 |  1.3
Stealth        | 1 |  1.3
Shields        | 1 |  1.3
Unarmed Combat | 1 |  1.3
Spellcasting   | 3 |  3.1
Conjurations   | 1 |  1.0
Hexes          | 1 |  1.0
Summonings     | 1 |  1.0
Necromancy     | 1 |  1.0
Translocations | 1 |  1.0
Transmutations | 1 |  1.0
Fire Magic     | 1 |  1.0
Ice Magic      | 1 |  1.0
Air Magic      | 1 |  1.0
Earth Magic    | 1 |  1.0
Poison Magic   | 1 |  1.0
Invocations    | 3 |  3.0
Long Blades    | |  2.8
Armour         | |  8.6
Evocations     | |  6.6

Action                   |  1- 3 |  4- 6 || total
-------------------------+-------+-------++-------
Melee: Falchion          |    94 |    66 ||   160
       Bite              |     5 |     7 ||    12
       Punch             |     2 |       ||     2
       Flail             |       |    21 ||    21
 Fire: Sling             |     4 |     2 ||     6
Throw: Dart              |       |     3 ||     3
 Stab: Sleeping          |       |     1 ||     1
Armor: Scale mail        |    27 |       ||    27
       Ring mail         |    31 |    48 ||    79
       Leather armour    |       |     8 ||     8
Dodge: Dodged            |    51 |    82 ||   133
